 Dungeon Crawl Stone Soup version 0.23-a0-458-g93a6ea9 (webtiles) character file.

2403 tatocazan the Transmogrifier (level 9, -4/58 HPs)
             Began as an Octopode Transmuter on Nov 26, 2018.
             Slain by a manticore (6 damage)
             ... on level 6 of the Dungeon.
             The game lasted 00:17:16 (10750 turns).

tatocazan the Transmogrifier (Octopode Transmuter) Turns: 10750, Time: 00:17:17

Health: -4/58      AC:  2    Str: 14    XL:     9   Next: 47%
Magic:  10/12      EV: 23    Int: 18    God:
Gold:   330        SH:  0    Dex: 18    Spells: 4/12 levels left

rFire    + . .     SeeInvis .     - Unarmed
rCold    . . .     Gourm    .   (shield currently unavailable)
rNeg     . . .     Faith    .   (helmet currently unavailable)
rPois    x         Spirit   .   (no amulet)
rElec    .         Reflect  .   j - ring of protection from fire
rCorr    .         Harm     .   (no ring)
MR       .....                  (no ring)
Stlth    +++.......             (no ring)
HPRegen  0.19/turn              (no ring)
MPRegen  0.13/turn              (no ring)
                                (no ring)
                                (no ring)

@: mighty, spider-form
A: tiny, almost no armour, stealthy swim, (amphibious), 8 rings, (constrict 8)
a: End Transformation


You were on level 6 of the Dungeon.
You were hungry.
You were a venomous arachnid creature.
You visited 1 branch of the dungeon, and saw 6 of its levels.
You also visited: Sewer.

You collected 330 gold pieces.

Inventory:

Missiles
 f - 53 arrows
Armour
 b - a cursed +1 shield
Jewellery
 j - a ring of protection from fire (left front leg)
Wands
 d - a wand of polymorph (9)
 t - a wand of random effects (15)
Scrolls
 a - 2 scrolls of fear {unknown}
 h - 3 scrolls of fog {unknown}
 m - 2 scrolls of magic mapping {unknown}
 n - 3 scrolls of teleportation
 q - a scroll of blinking {unknown}
 r - a scroll of random uselessness {unknown}
 s - a scroll of amnesia
Potions
 e - 2 potions of degeneration
 g - a potion of haste {unknown}
 i - a potion of mutation
 k - 5 potions of brilliance
 o - a potion of flight
 p - a potion of might
Comestibles
 c - 6 rations


   Skills:
 + Level 4.1 Fighting
 + Level 4.6 Dodging
 - Level 4.0 Stealth
 - Level 4.0 Unarmed Combat
 - Level 2.0 Spellcasting
 * Level 10.3 Transmutations


You had 4 spell levels left.
You knew the following spells:

 Your Spells              Type           Power        Failure   Level  Hunger
a - Beastly Appendage     Tmut           #####.       2%          1    #......
b - Sticks to Snakes      Tmut           #####...     3%          2    ###....
c - Spider Form           Tmut/Pois      ###.......   19%         3    ###....
d - Blink                 Tloc           N/A          47%         2    ###....

Your spell library contained the following spells:

 Spells                   Type           Power        Failure   Level  Hunger
 Confusing Touch          Hex            #.....       38%         1    #......
 Magic Dart               Conj           #...         38%         1    #......
 Ice Form                 Ice/Tmut       ###.....     43%         4    #####..
 Petrify                  Tmut/Erth      ###.....     43%         4    #####..
 Call Imp                 Summ           #.......     47%         2    ###....
 Slow                     Hex            #.......     47%         2    ###....
 Confuse                  Hex            #.......     69%         3    ###....
 Conjure Flame            Conj/Fire      #.......     69%         3    ###....
 Gell's Gravitas          Tloc           #.........   69%         3    ###....
 Mephitic Cloud           Conj/Pois/Air  #.......     69%         3    ###....
 Blade Hands              Tmut           #####.....   21%         5    ######.
 Yara's Violent Unravell  Hex/Tmut       ###.......   73%         5    ######.
 Metabolic Englaciation   Hex/Ice        #.........   100%        5    ######.


Dungeon Overview and Level Annotations

Branches:
Dungeon (6/15)
 Temple: D:4-7

Altars:
Hepliaklqana
Nemelex Xobeh
Wu Jian
Xom

Annotations:
D:2 Robin


Innate Abilities, Weirdness & Mutations

You cannot wear most types of armour.
You are very stealthy in the water. (Stealth+)
((You are amphibious.))
You can wear up to eight rings at the same time.
((You can use your tentacles to constrict eight enemies at once.))
((Your skin changes colour to match your surroundings (Stealth+).))
((Your rubbery body absorbs attacks. (AC +1, EV +1)))


Message History

You hit the manticore but do no damage.
The manticore looks as sick as possible!
The manticore is moderately wounded.
The manticore bites you.
* * * LOW HITPOINT WARNING * * *
The manticore completely misses you. The manticore barely misses you.
You take 4 damage, and have 14/58 hp.
It was a potion of might.
You feel very mighty all of a sudden. The manticore completely misses you.
The manticore claws you!
* * * LOW HITPOINT WARNING * * *
The manticore closely misses you.
You take 12 damage, and have 2/58 hp.
MASSIVE DAMAGE!!
Okay, then.
You bite the manticore!
The manticore looks as sick as possible!
The manticore is severely wounded.
The manticore misses you. The manticore closely misses you.
The manticore claws you.
You die...

)...........####.###...##.#
.#....#.....).....#.....#.#
.#.)[........####.#.....#.#
.#....#......####<#.....#.#
...####......##...##...##.#
##.# ###############'###.#
##.# ##...##.......#
...###### #.....#.......#
##.#....#####..Hs.'..8....#
...#.##.....#.....#.(.....#
###...########..$##.......#
##.###.# ########+#####
...# #.# ##.###.# ##...##
##### #####


You could see a manticore.

Vanquished Creatures
  2 hippogriffs
  A phantom (D:5)
  4 ogres
  An ice beast (D:6)
  A necrophage (D:6)
  2 centaurs (D:6)
  3 big kobolds (Sewer)
  4 killer bees (D:6)
  A centaur zombie (D:6)
  A crimson imp (D:5)
  A hound (D:4)
  A bullfrog zombie (D:6)
  2 orc priests (D:4)
  A centaur skeleton (D:4)
  A bullfrog skeleton (D:6)
  6 orc wizards
  Jessica (D:3)
  3 iguanas
  Natasha (thrice) (D:2)
  A worker ant (D:5)
  A killer bee zombie (D:5)
  A hound skeleton (D:4)
  A gnoll (D:1)
  8 adders
  A river rat (D:4)
  2 oozes (Sewer)
  An adder zombie (D:5)
  A worm (Sewer)
  2 adder skeletons
  A dart slug (D:1)
  A leopard gecko (D:6)
  35 orcs
  6 ball pythons
  7 bats
  4 giant cockroaches
  2 goblins
  7 hobgoblins
  7 jackals
  8 kobolds
  4 quokkas
  A ball python skeleton (D:3)
  6 frilled lizards
  2 jackal skeletons (D:4)
  A jackal zombie (D:5)
  A leopard gecko zombie (D:5)
  15 rats
166 creatures vanquished.

Notes
Turn   | Place    | Note
-------+----------+-------------------------------------------
     0 | D:1      | tatocazan the Octopode Transmuter began the quest for the
                  | Orb.
     0 | D:1      | Reached XP level 1. HP: 13/13 MP: 3/3
    65 | D:1      | Reached skill level 1 in Stealth
   280 | D:1      | Reached XP level 2. HP: 18/18 MP: 3/5
   810 | D:1      | Reached XP level 3. HP: 23/23 MP: 4/6
   965 | D:1      | Learned a level 2 spell: Sticks to Snakes
   969 | D:1      | Learned a level 3 spell: Spider Form
  1067 | D:2      | Found a shimmering altar of Xom.
  1358 | D:2      | Noticed Robin
  1463 | D:2      | Reached XP level 4. HP: 28/28 MP: 5/7
  1492 | D:2      | Found a hazy altar of Hepliaklqana.
  1530 | D:2      | Noticed Natasha
  1536 | D:2      | Killed Natasha
  1981 | D:2      | Noticed Natasha
  1991 | D:2      | Killed Natasha
  2008 | D:2      | Noticed Natasha
  2018 | D:2      | Killed Natasha
  2018 | D:2      | Reached skill level 3 in Transmutations
  2018 | D:2      | Reached XP level 5. HP: 33/33 MP: 2/8
  2424 | D:3      | Reached skill level 4 in Transmutations
  2607 | D:3      | Noticed Jessica
  2610 | D:3      | Killed Jessica
  2610 | D:3      | Reached XP level 6. HP: 30/38 MP: 5/9
  3048 | D:4      | Found a glowing drain.
  3345 | Sewer    | Entered a sewer
  3355 | Sewer    | Reached skill level 5 in Transmutations
  3488 | Sewer    | Reached skill level 6 in Transmutations
  3488 | Sewer    | Reached XP level 7. HP: 11/43 MP: 8/10
  4247 | D:4      | Noticed a hippogriff
  4741 | D:4      | Killed a hippogriff
  4741 | D:4      | Reached skill level 7 in Transmutations
  5383 | D:4      | Learned a level 2 spell: Blink
  5623 | D:4      | Reached skill level 8 in Transmutations
  5623 | D:4      | Reached XP level 8. HP: 25/48 MP: 8/11
  6482 | D:4      | Found an ornate altar of the Wu Jian Council.
  6933 | D:5      | Entered Level 5 of the Dungeon
  6933 | D:5      | Noticed a hippogriff
  7431 | D:5      | Killed a hippogriff
  7431 | D:5      | Reached skill level 9 in Transmutations
  8477 | D:6      | Reached XP level 9. HP: 39/56 MP: 10/12
  9596 | D:6      | Reached skill level 10 in Transmutations
  9779 | D:6      | Found a sparkling altar of Nemelex Xobeh.
  9811 | D:6      | HP: 2/58 [orc/+0 morningstar (8)]
 10738 | D:6      | Noticed a manticore
 10749 | D:6      | HP: 2/58 [manticore (13)]
 10750 | D:6      | Slain by a manticore

Vault maps used:
D:1:      onia_arrival_pentagram, minmay_tromino_v7
D:2:      nicolae_overflow_hidden_temple, old_standard_altar, first_ration,
          uniq_robin, uniq_natasha
D:3:      uniq_jessica
D:4:      lemuel_round_altar, portal_sewer_entry_a
D:6:      overflow_temple_1_default, minmay_three_doors
Sewer:    sewer_co_15_rooms

Skill      XL: |  1  2  3  4  5  6  7  8  9 |
---------------+----------------------------+-----
Stealth        | 1 2 3 4 |  4.0
Unarmed Combat | 4 |  4.0
Transmutations | 3 4 6 8 9 10 | 10.3
Fighting       | 3 4 |  4.1
Dodging        | 3 4 |  4.6
Spellcasting   | |  2.0

Action                   |  1- 3 |  4- 6 |  7- 9 || total
-------------------------+-------+-------+-------++-------
Melee: Unarmed           |    62 |   145 |   380 ||   587
       Constrict         |    16 |    24 |    31 ||    71
       Kick              |     9 |    17 |    30 ||    56
       Tentacles         |     8 |    10 |    31 ||    49
       Punch             |     1 |     1 |     4 ||     6
 Cast: Beastly Appendage |    17 |    15 |    17 ||    49
       Sticks to Snakes  |       |     6 |     5 ||    11
       Spider Form       |       |     8 |    22 ||    30
  Use: Scroll            |       |     4 |     5 ||     9
       Potion            |       |       |    11 ||    11
 Stab: Sleeping          |     3 |     4 |    10 ||    17
       Invisible         |       |       |     3 ||     3
  Eat: Chunk             |     2 |     8 |    19 ||    29
       Ration            |       |       |     2 ||     2
Armor: Skin              |     5 |    11 |    15 ||    31
Dodge: Dodged            |    43 |    91 |   350 ||   484

Table legend:
 A = Non-vault XP
 B = Vault XP
 C = Vault XP percentage of total XP
 D = Non-vault monster count
 E = Vault monster count
 F = Vault count percentage of total count
                 A         B        C        D         E       F
            +---------+---------+-------+---------+---------+-------
      Total |    2867 |     567 |  16.5 |     137 |      29 |  17.5
            +---------+---------+-------+---------+---------+-------
        D:1 |      38 |       5 |  11.6 |      14 |       3 |  17.6
        D:2 |     115 |      35 |  23.3 |      20 |       1 |   4.8
        D:3 |     100 |      37 |  27.0 |      25 |       1 |   3.8
        D:4 |     905 |      29 |   3.1 |      29 |       4 |  12.1
        D:5 |     597 |       0 |   0.0 |      15 |       0 |   0.0
        D:6 |    1112 |     124 |  10.0 |      34 |       1 |   2.9
      Sewer |       0 |     337 | 100.0 |       0 |      19 | 100.0
            +---------+---------+-------+---------+---------+-------
